 Dungeon Crawl Stone Soup version 0.24-a0-433-gbe6fa4f6cc (webtiles) character file.

Game seed: 10331417884294485952

39 JellyEater the Digger (level 3, -1/19 HPs)
             Began as a Gargoyle Earth Elementalist on June 14, 2019.
             Slain by Sigmund
             ... wielding a +0 scythe
              (8 damage)
             ... on level 2 of the Dungeon.
             The game lasted 00:05:19 (1824 turns).

JellyEater the Digger (Gargoyle Earth Elementalist) Turns: 1824, Time: 00:05:20

Health: -1/19      AC:  6    Str: 11    XL:     3   Next: 47%
Magic:  1/7        EV: 12    Int: 16    God:
Gold:   59         SH:  0    Dex: 10    Spells: 3/7 levels left

rFire    . . .     SeeInvis .   e - +0 mace
rCold    . . .     Gourm    .   (no shield)
rNeg     + . .     Faith    .   c - +1 robe
rPois    ∞         Spirit   .   (no helmet)
rElec    +         Reflect  .   (no cloak)
rCorr    .         Harm     .   (no gloves)
MR       .....                  (no boots)
Stlth    +.........             (no amulet)
HPRegen  0.06/turn              (no ring)
MPRegen  0.10/turn              (no ring)

@: confused, hasted, very quick
A: negative energy resistance 1, electricity resistance, unbreathing,
petrification resistance, rot immunity, AC +3
a: no special abilities


You were on level 2 of the Dungeon.
You were not hungry.

You visited 1 branch of the dungeon, and saw 2 of its levels.

You collected 59 gold pieces.

Inventory:

Hand Weapons
 e - a +0 mace (weapon)
 l - a +0 dagger of speed
Missiles
 b - 52 stones (quivered)
Armour
 c - a +1 robe (worn)
Scrolls
 i - a scroll of identify
Comestibles
 a - 2 chunks of flesh
 d - 4 rations


   Skills:
 - Level 1.5 Dodging
 - Level 2.1 Stealth
 + Level 2.8 Spellcasting
 + Level 0.5 Conjurations
   Level 0.7 Transmutations
 + Level 4.5 Earth Magic


You had 3 spell levels left.
You knew the following spells:

 Your Spells              Type           Power        Failure   Level  Hunger
a - Sandblast             Erth           ###...       3%          1    #......
b - Stone Arrow           Conj/Erth      ##....       21%         3    ###....

Your spell library contained the following spells:

 Spells                   Type           Power        Failure   Level  Hunger
 Passwall                 Tmut/Erth      ##......     10%         2    ##.....
 Petrify                  Tmut/Erth      ##......     54%         4    #####..
 Lee's Rapid Deconstruct  Erth           ###.......   63%         5    ######.


Dungeon Overview and Level Annotations

Branches:
Dungeon (2/15)

Altars:

Annotations:
D:2 Sigmund


Innate Abilities, Weirdness & Mutations

You are resistant to torment.
Your stone body is resilient. (AC +3)
You are immune to poison.
You resist negative energy. (rN+)
You are resistant to electric shocks. (rElec)
You can survive without breathing.
You are immune to petrification.
You are immune to rotting.


Message History

Sorry, you're not good enough to have a special ability.
Unknown command.
You aren't carrying any potions.
Unknown command.
Unknown command.
Unknown command.
Unknown command.
Unknown command.
Unknown command.
You barely miss Sigmund.
Sigmund is almost dead.
Sigmund casts a spell.
Sigmund flickers and vanishes!
Deactivating autopickup; reactivate with Ctrl-A.
Unknown command.
Unknown command.
Unknown command.
You closely miss something. Something hits you but does no damage.
Something hits you!
You die...

#.....###..#####.........
#.########...###.#####.#.
#.#...........##.#
#.#.#######.#.#..# #.#.#
#.#...## #.#.#
#.#..####### ##..÷#
#.#......... #....#
##.#.##...... #.##.#
##@{..# ###### #.##.#
#<...## #.##.# #....####
#.##.#####........
#.##...##.....###..
#.####.##.....# #.#
#....######## .
##..........# ###..
#####..........# ####@...


There were no monsters in sight!

Vanquished Creatures
  An ooze (D:1)
  A leopard gecko (D:1)
  A ball python (D:2)
  2 giant cockroaches (D:1)
  8 goblins
  3 hobgoblins (D:1)
  A quokka (D:1)
  4 bats
  4 frilled lizards (D:1)
  4 kobolds
  5 rats
34 creatures vanquished.

Notes
Turn   | Place    | Note
-------+----------+-------------------------------------------
     0 | D:1      | JellyEater the Gargoyle Earth Elementalist began the quest
                  | for the Orb.
     0 | D:1      | Reached XP level 1. HP: 10/10 MP: 3/3
   343 | D:1      | Reached skill level 4 in Earth Magic
   343 | D:1      | Reached XP level 2. HP: 15/15 MP: 5/5
  1021 | D:1      | Reached XP level 3. HP: 13/19 MP: 6/6
  1032 | D:1      | Learned a level 3 spell: Stone Arrow
  1574 | D:2      | Noticed Sigmund
  1824 | D:2      | Slain by Sigmund

Levels and vault maps discovered:
D:1:      wander_arrival_abandoned_jail, layout_loops_cross
D:2:      layout_rooms, nicolae_overflow_hidden_temple, grunt_qazlal_clouds,
          uniq_sigmund

Skill      XL: |  1 |
---------------+----+-----
Earth Magic    | 4 |  4.5
Dodging        | |  1.5
Stealth        | |  2.1
Spellcasting   | |  2.8
Conjurations   | |  0.5
Transmutations | |  0.7

Action                   || total
-------------------------++-------
Melee: Mace              ||   114
 Cast: Sandblast         ||    13
  Use: Scroll            ||     5
       Potion            ||     1
 Stab: Sleeping          ||     4
  Eat: Chunk             ||     3
Armor: Robe              ||    37
Dodge: Dodged            ||    85

Table legend:
 A = Non-vault XP
 B = Vault XP
 C = Vault XP percentage of total XP
 D = Non-vault monster count
 E = Vault monster count
 F = Vault count percentage of total count
                 A         B        C        D         E       F
            +---------+---------+-------+---------+---------+-------
      Total |      57 |       0 |   0.0 |      34 |       0 |   0.0
            +---------+---------+-------+---------+---------+-------
        D:1 |      43 |       0 |   0.0 |      26 |       0 |   0.0
        D:2 |      14 |       0 |   0.0 |       8 |       0 |   0.0
            +---------+---------+-------+---------+---------+-------
